 Dungeon Crawl Stone Soup version 0.31-a0-152-g6aa68a64a1 (webtiles) character file.

Game seed: 5286986016178459596

12611 qw the Skirmisher (level 11, -1/72 HPs)
             Began as a Gargoyle Hunter on June 10, 2023.
             Was a Priest of Okawaru.
             Slain by a torpor snail (16 damage)
             ... on level 1 of the Lair of Beasts.
             The game lasted 00:05:03 (10094 turns).

qw the Skirmisher (Gargoyle Hunter)                Turns: 10094, Time: 00:05:04

Health: -1/72      AC: 19    Str: 14    XL:     11   Next: 96%
Magic:  12/14      EV: 23    Int: 11    God:    Okawaru [***...]
Gold:   302        SH:  5    Dex: 17    Spells: 10/10 levels left

rFire   + . .        Y - +1 orcbow
rCold   + . .        (shield currently unavailable)
rNeg    + . .        p - +2 robe {rC+ rF+}
rPois   inf          h - +2 hat {SInv}
rElec   +            (no cloak)
rCorr   +            l - +0 pair of gloves
SInv    +            i - +2 pair of boots
Will    .....        q - amulet of reflection
Stlth   +++          b - +5 ring of evasion
HPRegen 0.32/turn    f - ring of resist corrosion
MPRegen 0.14/turn

%: reflection
@: heroic, slowed, very slow
A: sickness immunity, AC +8, negative energy resistance 1, electricity
resistance, torment resistance 1, petrification resistance
a: Renounce Religion, Heroism


You were on level 1 of the Lair of Beasts.
You worshipped Okawaru.
Okawaru was most pleased with you.
You visited 3 branches of the dungeon, and saw 12 of its levels.

You collected 527 gold pieces.
You spent 225 gold pieces at shops.


Innate Abilities, Weirdness & Mutations

You are immune to sickness and miasma.
Your stone body is resilient. (AC +8)
You are immune to poison.
You resist negative energy. (rN+)
You are resistant to electric shocks. (rElec)
You are resistant to unholy torment.
You are immune to petrification.


   Skills:
 - Level 10.1(15.1) Fighting
 + Level 14.3(19.3) Ranged Weapons
 - Level 5.1(10.1) Armour
 - Level 5.0(10.0) Dodging
 - Level 1.1(6.1) Stealth
 - Level 5.1 Invocations


You had 10 spell levels left.
You didn't know any spells.
Your spell library was empty.

Inventory:

Hand Weapons
 Y - a +1 orcbow (weapon)
Armour
 h - a +2 hat of see invisible (worn)
 i - a +2 pair of boots (worn)
 j - +0 steam dragon scales
 l - a +0 pair of gloves (worn)
 m - a +2 helmet of intelligence
 p - a +2 robe of resistance (worn)
Jewellery
 b - a +5 ring of evasion (left hand)
 f - a ring of resist corrosion (right hand)
 q - an amulet of reflection (around neck)
Scrolls
 a - a scroll of identify
 d - 4 scrolls of teleportation
 o - a scroll of immolation {unknown}
Potions
 c - a potion of haste
 e - a potion of lignification
 g - 3 potions of resistance
 k - a potion of might
 n - a potion of attraction

Dungeon Overview and Level Annotations

Branches:
Dungeon (10/15)            Temple (1/1) D:5            Lair (1/5) D:10
    Orc (0/2) D:10

Altars:
Ashenzari
Cheibriados
Dithmenos
Elyvilon
Fedhas
Gozag
Hepliaklqana
Kikubaaqudgha
Makhleb
Nemelex Xobeh
Okawaru
Qazlal
Ru
Sif Muna
Trog
Uskayaw
Vehumet
Wu Jian
Xom
Yredelemnul
Zin
The Shining One

Shops:
D:3 *   D:7 [   D:8 (

Portals:
Abyss: D:6

Annotations:
D:2 1 runed translucent door, Crazy Yiuf
D:3 4 transporters, qw's ghost, amateur MiHu
D:4 1 transporter
D:6 2 transporters, qw's ghost, amateur GrHu


Message History

You shoot an arrow. The arrow hits the cane toad!
You kill the cane toad!
Okawaru accepts your kill. The torpor snail misses you.
The yak completely misses you.
Your Invocations skill increases to level 5!
You shoot an arrow. The arrow barely misses the yak.
The yak gores you but does no damage. x2; The torpor snail bites you.
You shoot an arrow. The arrow barely misses the yak.
The yak gores you. The yak barely misses you. The torpor snail misses you.
You shoot an arrow.
The arrow hits the yak but does no damage.
The yak misses you. The yak barely misses you.
You shoot an arrow. The arrow barely misses the yak.
The yak gores you! The yak closely misses you.
The torpor snail barely misses you.
You shoot an arrow. The arrow hits the yak!
The yak is moderately wounded.
The yak misses you. x2; You block the torpor snail's attack.
You shoot an arrow. The arrow hits the yak.
The yak is heavily wounded.
You feel like a meek peon again. You block the yak's attack. The yak gores you.
The torpor snail barely misses you.
10091 ||| INVOKING Heroism.
You gain the combat prowess of a mighty hero.
You can no longer speed up your combat.
The yak completely misses you. The yak gores you. You block the yak's attack.
The yak completely misses you.
The torpor snail bites you but does no damage.
You shoot an arrow. The arrow closely misses the yak.
The yak completely misses you. The yak gores you but does no damage.
The torpor snail bites you.
You shoot an arrow. The arrow hits the yak.
The yak is heavily wounded.
You block the yak's attack. The yak completely misses you.
You shoot an arrow.
The arrow hits the yak but does no damage.
The yak is heavily wounded.
The yak closely misses you. The yak gores you! The torpor snail bites you!
You die...

..^....... .......
...(..P.... .......
...(P(...P###.....#
#..(...P....#.....#
#(.............%..#
............#.....#
+.....#....Y#Y....#
#...........@w....#
#...........#..[....
#.....#.....#......#
......#...........##
............#.....#
......##.####.....##
...................#
..................##
.............)...##.


You could see a torpor snail and 2 yaks.

Vanquished Creatures
  Gastronok (D:10)
  Josephine (D:10)
  A black mamba (Lair:1)
  8 centaur zombies (D:10)
  3 cane toads (Lair:1)
  A komodo dragon (Lair:1)
  A troll (D:10)
  Prince Ribbit (D:7)
  4 wraiths (D:10)
  A wyvern (Lair:1)
  12 yaks
  A basilisk (D:10)
  Eustachio (D:5)
  3 steam dragons
  2 water moccasins
  A black bear (D:6)
  9 orc warriors
  A sky beast (D:7)
  3 wolves (Lair:1)
  3 centaurs
  An ogre (D:7)
  A phantom (D:6)
  2 kobold brigands
  6 bullfrogs
  3 scorpions
  14 wights
  2 electric eels (D:10)
  7 howler monkeys
  8 orc priests
  3 hounds
  10 orc wizards
  4 iguanas
  3 howler monkey zombies (D:10)
  3 gnolls (D:3)
  12 adders
  A shadow imp (D:6)
  A white imp (D:5)
  A dart slug (D:3)
  35 orcs
  7 endoplasms
  6 giant cockroaches
  11 goblins
  9 hobgoblins
  4 quokkas
  5 ball pythons
  2 bats (D:1)
  2 frilled lizards
  16 kobolds
  5 rats
242 creatures vanquished.

Notes
Turn   | Place    | Note
-------+----------+-------------------------------------------
     0 | D:1      | qw the Gargoyle Hunter began the quest for the Orb.
     0 | D:1      | Reached XP level 1. HP: 12/12 MP: 1/1
     0 | D:1      | 0 ||| qw: Version: 0.2-a-29-g767f381
     0 | D:1      | 0 ||| qw: Game counter: 3885
     0 | D:1      | 0 ||| qw: Always use a shield: true
     0 | D:1      | 0 ||| qw: God list: Okawaru
     0 | D:1      | 0 ||| qw: Allow faded altars: false
     0 | D:1      | 0 ||| qw: Do Orc after D:15 true
     0 | D:1      | 0 ||| qw: Do second Lair branch before Depths: true
     0 | D:1      | 0 ||| qw: Lair rune preference: random
     0 | D:1      | 0 ||| qw: Plans: Normal, Zot:1-4, Slime:5, God:TSO, Crypt,
                  | Tomb, Abyss, Pan, Hells, Win
     0 | D:1      | 0 ||| PLANNING D:1-11
    76 | D:1      | 76 ||| READING 2 scrolls labelled CYRILLYASOE.
    77 | D:1      | 77 ||| DROPPING scroll of butterflies.
   203 | D:1      | Reached XP level 2. HP: 17/17 MP: 2/2
   417 | D:1      | 417 ||| READING scroll labelled KAEXIC CIYSO.
   420 | D:1      | 420 ||| READING 2 scrolls labelled LYIWKYGUHU.
   421 | D:1      | 421 ||| DROPPING scroll of vulnerability.
   610 | D:2      | Found a runed translucent door.
   611 | D:2      | Noticed Crazy Yiuf
   806 | D:2      | Reached XP level 3. HP: 21/21 MP: 3/3
   815 | D:2      | Reached skill level 5 in Ranged Weapons
   975 | D:2      | Reached skill level 3 in Fighting
  1201 | D:2      | Reached XP level 4. HP: 26/28 MP: 4/4
  1518 | D:2      | 1518 ||| UPGRADING to +0 ring mail.
  1528 | D:2      | 1528 ||| DROPPING +0 leather armour.
  1529 | D:2      | 1529 ||| UPGRADING to +5 ring of evasion.
  1530 | D:2      | 1530 ||| READING scroll labelled QEIRGH KADU.
  1531 | D:2      | 1531 ||| DRINKING 2 puce potions.
  1532 | D:2      | 1532 ||| READING 2 scrolls of identify.
  1532 | D:2      | 1532 ||| IDENTIFYING glowing inky potion
  1623 | D:3      | Reached skill level 1 in Armour
  1636 | D:3      | Found an ornate altar of the Wu Jian Council.
  1730 | D:3      | Reached XP level 5. HP: 10/32 MP: 5/5
  1730 | D:3      | 1730 ||| FLEEEEING.
  1731 | D:3      | 1731 ||| FLEEEEING.
  1732 | D:3      | 1732 ||| FLEEEEING.
  1733 | D:3      | 1733 ||| FLEEEEING.
  1734 | D:3      | 1734 ||| FLEEEEING.
  1735 | D:3      | 1735 ||| FLEEEEING.
  1736 | D:3      | 1736 ||| FLEEEEING.
  1737 | D:3      | 1737 ||| FLEEEEING.
  1738 | D:3      | 1738 ||| FLEEEEING.
  1739 | D:3      | 1739 ||| FLEEEEING.
  1740 | D:3      | 1740 ||| FLEEEEING.
  1741 | D:3      | 1741 ||| STAIRDANCE
  2076 | D:3      | Found a transporter.
  2076 | D:3      | Found Tuih's General Store.
  2176 | D:3      | Found a faded altar of an unknown god.
  2226 | D:3      | Reached skill level 6 in Ranged Weapons
  2337 | D:3      | Found a transporter.
  2353 | D:3      | Noticed qw's ghost (amateur MiHu)
  2369 | D:3      | Found a transporter.
  2372 | D:3      | Found a transporter.
  2373 | D:3      | 2373 ||| DROPPING ring of magical power.
  2374 | D:3      | 2374 ||| READING scroll labelled NAGIACV QATE.
  2392 | D:3      | 2392 ||| UPGRADING to ring of resist corrosion.
  2393 | D:3      | 2393 ||| READING scroll labelled KANOIGOGUTT.
  2594 | D:4      | HP: 8/33 [orc priest/divine providence (13)]
  2595 | D:4      | 2595 ||| DRINKING potion of heal wounds.
  2645 | D:4      | Reached XP level 6. HP: 36/38 MP: 6/6
  2719 | D:4      | You fall into a shaft and drop 2 floors!
  2720 | D:6      | 2720 ||| UPGRADING to +2 pair of boots.
  2725 | D:6      | 2725 ||| READING 3 scrolls of identify.
  2725 | D:6      | 2725 ||| IDENTIFYING inky potion
  2726 | D:6      | 2726 ||| READING 2 scrolls of identify.
  2726 | D:6      | 2726 ||| IDENTIFYING brown potion
  2727 | D:6      | 2727 ||| DROPPING potion of brilliance.
  2729 | D:6      | Noticed Eustachio
  2730 | D:6      | 2730 ||| STAIRDANCE
  2731 | D:5      | Entered Level 5 of the Dungeon
  3030 | D:4      | Found a bloodstained altar of Trog.
  3139 | D:4      | Found a sparkling altar of Nemelex Xobeh.
  3139 | D:4      | Found a transporter.
  3449 | D:4      | 3449 ||| READING 2 scrolls of identify.
  3449 | D:4      | 3449 ||| IDENTIFYING black potion
  3527 | D:5      | Reached skill level 7 in Ranged Weapons
  3975 | D:5      | Reached XP level 7. HP: 34/43 MP: 7/7
  4046 | D:5      | Found a staircase to the Ecumenical Temple.
  4047 | D:5      | 4047 ||| PLANNING TEMPLE
  4047 | D:5      | 4047 ||| READING scroll labelled FOCSAA TATWU.
  4056 | Temple   | Entered the Ecumenical Temple
  4056 | Temple   | Found a transporter.
  4056 | Temple   | Found a transporter.
  4058 | Temple   | Found a transporter.
  4058 | Temple   | Found a transporter.
  4068 | Temple   | 4068 ||| PLANNING D:1-11
  4071 | Temple   | 4071 ||| PLANNING OKAWARU WORSHIP
  4078 | Temple   | Became a worshipper of Warmaster Okawaru
  4078 | Temple   | 4078 ||| PLANNING D:1-11
  4435 | D:6      | 4435 ||| STAIRDANCE
  4481 | D:6      | 4481 ||| STAIRDANCE
  4492 | D:5      | Killed Eustachio
  4493 | D:5      | Reached skill level 8 in Ranged Weapons
  4594 | D:6      | 4594 ||| Stepping ~*~*~tactically~*~*~ (outnumbered).
  4641 | D:6      | Found a transporter.
  4643 | D:6      | Noticed a hell hog
  4670 | D:6      | Reached XP level 8. HP: 50/50 MP: 8/8
  4729 | D:6      | Reached * piety under Okawaru
  4835 | D:6      | Reached skill level 1 in Invocations
  4885 | D:6      | 4885 ||| SWAPPING to +0 orcbow.
  4886 | D:6      | 4886 ||| DROPPING +0 shortbow of freezing.
  5034 | D:6      | Noticed a brown ugly thing
  5035 | D:6      | Found a transporter.
  5067 | D:6      | Found a one-way gate to the infinite horrors of the Abyss.
  5121 | D:6      | Noticed qw's ghost (amateur GrHu)
  5188 | D:6      | 5188 ||| UPGRADING to +0 pair of gloves.
  5193 | D:6      | 5193 ||| DROPPING amulet of magic regeneration.
  5194 | D:6      | 5194 ||| READING scroll labelled DOEVVI ROAV.
  5212 | D:7      | 5212 ||| INVOKING Heroism.
  5217 | D:7      | Reached skill level 9 in Ranged Weapons
  5217 | D:7      | Reached skill level 3 in Invocations
  5313 | D:7      | Found a glowing golden altar of the Shining One.
  5420 | D:7      | Found Fiddeo Ivoa's Antique Armour Boutique.
  5428 | D:7      | 5428 ||| BUYING glowing helmet (225 gold).
  5428 | D:7      | Bought a glowing helmet for 225 gold pieces
  5428 | D:7      | 5428 ||| SHOPLISTING runed scarf (240 gold, have 90).
  5428 | D:7      | 5428 ||| SHOPLISTING slimy leather armour (210 gold, have
                  | 90).
  5428 | D:7      | 5428 ||| SHOPLISTING warped ring mail (270 gold, have 90).
  5446 | D:7      | 5446 ||| INVOKING Heroism.
  5451 | D:7      | Reached skill level 6 in Fighting
  5621 | D:7      | Identified the +5 dagger of Suhetz {protect, rPois Str+7
                  | Int-3 Stlth-}
  5765 | D:7      | Noticed Prince Ribbit
  5766 | D:7      | 5766 ||| INVOKING Heroism.
  5768 | D:7      | Killed Prince Ribbit
  5769 | D:7      | Reached XP level 9. HP: 55/55 MP: 9/12
  5973 | D:7      | 5973 ||| UPGRADING to +2 helmet of intelligence.
  5978 | D:7      | 5978 ||| UPGRADING to amulet of the acrobat.
  5983 | D:7      | 5983 ||| READING scroll labelled ANOSMIN PIRPH.
  6047 | D:8      | Found Viowaik's Weapon Boutique.
  6056 | D:8      | Reached ** piety under Okawaru
  6057 | D:8      | Reached skill level 3 in Armour
  6058 | D:8      | 6058 ||| INVOKING Heroism.
  6067 | D:8      | Reached skill level 10 in Ranged Weapons
  6307 | D:8      | 6307 ||| INVOKING Heroism.
  6311 | D:8      | 6311 ||| Stepping ~*~*~tactically~*~*~ (cloud).
  6317 | D:8      | 6317 ||| Stepping ~*~*~tactically~*~*~ (cloud).
  6318 | D:8      | 6318 ||| Stepping ~*~*~tactically~*~*~ (cloud).
  6891 | D:8      | 6891 ||| INVOKING Heroism.
  6895 | D:8      | Reached skill level 11 in Ranged Weapons
  7000 | D:8      | 7000 ||| UPGRADING to amulet of reflection.
  7010 | D:8      | 7010 ||| DROPPING amulet of the acrobat.
  7011 | D:8      | 7011 ||| DROPPING amulet of regeneration.
  7012 | D:8      | 7012 ||| READING scroll labelled EWOBRO DADI.
  7013 | D:8      | 7013 ||| DRINKING 3 bubbling inky potions.
  7014 | D:8      | 7014 ||| DRINKING 2 fuming clear potions.
  7015 | D:8      | 7015 ||| READING 2 scrolls of identify.
  7015 | D:8      | 7015 ||| IDENTIFYING fizzy inky potion
  7016 | D:8      | 7016 ||| DROPPING 2 potions of degeneration.
  7017 | D:8      | 7017 ||| DROPPING potion of enlightenment.
  7070 | D:9      | 7070 ||| INVOKING Heroism.
  7131 | D:9      | 7131 ||| INVOKING Heroism.
  7197 | D:9      | 7197 ||| INVOKING Heroism.
  7199 | D:9      | 7199 ||| Stepping ~*~*~tactically~*~*~ (outnumbered).
  7210 | D:9      | 7210 ||| INVOKING Heroism.
  7231 | D:9      | Reached XP level 10. HP: 55/64 MP: 11/13
  7327 | D:9      | 7327 ||| INVOKING Heroism.
  7329 | D:9      | 7329 ||| Stepping ~*~*~tactically~*~*~ (cloud).
  7331 | D:9      | 7331 ||| Stepping ~*~*~tactically~*~*~ (cloud).
  7393 | D:9      | Reached skill level 3 in Dodging
  7494 | D:9      | 7494 ||| INVOKING Heroism.
  7508 | D:9      | 7508 ||| INVOKING Heroism.
  7528 | D:9      | Found a white marble altar of Elyvilon.
  7644 | D:9      | 7644 ||| INVOKING Heroism.
  7704 | D:9      | Found a shimmering blue altar of Sif Muna.
  7705 | D:9      | 7705 ||| Stepping ~*~*~tactically~*~*~ (outnumbered).
  7896 | D:9      | 7896 ||| UPGRADING to +0 steam dragon scales.
  7906 | D:9      | 7906 ||| DROPPING +0 ring mail.
  7907 | D:9      | 7907 ||| DROPPING +1 hat.
  7914 | D:10     | Entered Level 10 of the Dungeon
  7961 | D:10     | 7961 ||| FLEEEEING.
  7962 | D:10     | 7962 ||| FLEEEEING.
  7963 | D:10     | 7963 ||| FLEEEEING.
  7964 | D:10     | 7964 ||| FLEEEEING.
  7971 | D:10     | 7971 ||| FLEEEEING.
  7972 | D:10     | 7972 ||| FLEEEEING.
  7980 | D:10     | 7980 ||| FLEEEEING.
  7983 | D:10     | 7983 ||| FLEEEEING.
  7984 | D:10     | 7984 ||| FLEEEEING.
  7985 | D:10     | 7985 ||| STAIRDANCE
  8026 | D:10     | 8026 ||| INVOKING Heroism.
  8114 | D:10     | Noticed Gastronok
  8115 | D:10     | 8115 ||| INVOKING Heroism.
  8137 | D:10     | Killed Gastronok
  8138 | D:10     | Reached skill level 12 in Ranged Weapons
  8277 | D:10     | 8277 ||| INVOKING Heroism.
  8280 | D:10     | Reached skill level 13 in Ranged Weapons
  8301 | D:10     | 8301 ||| FLEEEEING.
  8302 | D:10     | 8302 ||| FLEEEEING.
  8303 | D:10     | 8303 ||| FLEEEEING.
  8304 | D:10     | 8304 ||| FLEEEEING.
  8305 | D:10     | 8305 ||| FLEEEEING.
  8306 | D:10     | 8306 ||| FLEEEEING.
  8307 | D:10     | 8307 ||| FLEEEEING.
  8308 | D:10     | 8308 ||| FLEEEEING.
  8323 | D:10     | 8323 ||| FLEEEEING.
  8327 | D:10     | 8327 ||| INVOKING Heroism.
  8409 | D:10     | Found a staircase to the Lair.
  8467 | D:10     | 8467 ||| INVOKING Heroism.
  8487 | D:10     | Reached XP level 11. HP: 69/69 MP: 12/14
  8502 | D:10     | 8502 ||| FLEEEEING.
  8707 | D:10     | Noticed Josephine
  8712 | D:10     | Reached skill level 9 in Fighting
  8728 | D:10     | 8728 ||| INVOKING Heroism.
  8736 | D:10     | Killed Josephine
  8752 | D:10     | 8752 ||| INVOKING Heroism.
  8768 | D:10     | Reached *** piety under Okawaru
  8775 | D:10     | 8775 ||| INVOKING Heroism.
  9000 | D:10     | Found a basalt altar of Yredelemnul.
  9021 | D:10     | Reached skill level 14 in Ranged Weapons
  9183 | D:10     | 9183 ||| INVOKING Heroism.
  9200 | D:10     | Found a staircase to the Orcish Mines.
  9424 | D:10     | 9424 ||| FLEEEEING.
  9425 | D:10     | 9425 ||| FLEEEEING.
  9429 | D:10     | 9429 ||| STAIRDANCE
  9470 | D:9      | 9470 ||| UPGRADING to +2 hat of see invisible.
  9480 | D:9      | 9480 ||| UPGRADING to +2 robe of resistance.
  9490 | D:9      | 9490 ||| READING scroll labelled KYNONK VUIDAT.
  9491 | D:9      | 9491 ||| DRINKING 2 golden potions.
  9492 | D:9      | 9492 ||| READING 2 scrolls of identify.
  9492 | D:9      | 9492 ||| IDENTIFYING amethyst potion
  9493 | D:9      | 9493 ||| DROPPING potion of invisibility.
  9526 | D:10     | 9526 ||| PLANNING LAIR
  9555 | Lair:1   | Entered Level 1 of the Lair of Beasts
  9566 | Lair:1   | 9566 ||| STAIRDANCE
  9646 | Lair:1   | 9646 ||| INVOKING Heroism.
  9827 | Lair:1   | 9827 ||| INVOKING Heroism.
  9910 | Lair:1   | Reached **** piety under Okawaru
 10017 | Lair:1   | 10017 ||| INVOKING Heroism.
 10074 | Lair:1   | 10074 ||| INVOKING Heroism.
 10091 | Lair:1   | 10091 ||| INVOKING Heroism.
 10094 | Lair:1   | HP: 15/72 [yak[a torpor snail] (9)]
 10094 | Lair:1   | Slain by a torpor snail

Levels and vault maps discovered:
D:1:      zelgadis_glass_arrival_large, layout_rooms, hex_medium
D:2:      layout_basic, uniq_crazy_yiuf_cottage
D:3:      layout_loops_ring, nicolae_wu_jian_wuxing_cycle, serial_shops,
          nicolae_shop_drivethru, gammafunk_ghost_arena,
          shapermc_ecumenical_altar_flowoftime
D:4:      layout_basic, grunt_nemelex_the_gamble, trog_hazing_becter
D:5:      layout_basic, lemuel_temple_firewalk_b
D:6:      layout_cave_pools, gammafunk_ghost_abyssal_escape, uniq_eustachio
D:7:      layout_layer_cave, tso_metal_star, serial_shops, shop_fountains,
          uniq_prince_ribbit1
D:8:      layout_loops_corners, serial_shops, shop
D:9:      layout_small_grid, kennysheep_orc_sif_temple, old_standard_altar
D:10:     layout_roguey, nicolae_yredelemnul_corpse_copse, lair_entry_dummy,
          erik_orc_2, uniq_gastronok, uniq_josephine
Temple:   hellmonk_temple_divided_pantheon
Lair:1:   layout_regular_city, gammafunk_ghost_hive,
          hangedman_lair_generics_rect, lemuel_fruit_tree

Skill      XL: |  1  2  3  4  5  6  7  8  9 10 11 |
---------------+----------------------------------+-----
Ranged Weapons | 5 6 7 8 9 11 13 14 | 14.3
Fighting       | 3 4 5 6 8 10 | 10.1
Armour         | 1 2 4 5 |  5.1
Dodging        | 2 4 5 |  5.0
Invocations    | 4 5 |  5.1
Stealth        | |  1.1

Action                     |  1- 3 |  4- 6 |  7- 9 | 10-12 || total
---------------------------+-------+-------+-------+-------++-------
   Fire: Shortbow          |    82 |   249 |    93 |       ||   424
         Orcbow            |       |       |   228 |   635 ||   863
 Invoke: Heroism           |       |       |    10 |    18 ||    28
    Use: Scroll            |     3 |     7 |     5 |     2 ||    17
         Potion            |       |     2 |     2 |     1 ||     5
 Armour: Leather armour    |    16 |     3 |       |       ||    19
         Ring mail         |       |    43 |    92 |    39 ||   174
         Steam dragon scal |       |       |       |    69 ||    69
         Robe              |       |       |       |    29 ||    29
  Dodge: Dodged            |    19 |   112 |   150 |   355 ||   636
  Block: Other             |       |       |     4 |   107 ||   111
         Reflection        |       |       |       |     5 ||     5

Table legend:
 A = Non-vault XP
 B = Vault XP
 C = Vault XP percentage of total XP
 D = Non-vault monster count
 E = Vault monster count
 F = Vault count percentage of total count
                 A         B        C        D         E       F
            +---------+---------+-------+---------+---------+-------
      Total |   11464 |    6552 |  36.4 |     192 |      50 |  20.7
            +---------+---------+-------+---------+---------+-------
        D:1 |      26 |       0 |   0.0 |      16 |       0 |   0.0
        D:2 |      86 |       0 |   0.0 |      18 |       0 |   0.0
        D:3 |     120 |       0 |   0.0 |      25 |       0 |   0.0
        D:4 |     157 |      10 |   6.0 |      13 |       6 |  31.6
        D:5 |     278 |     185 |  40.0 |      12 |       1 |   7.7
        D:6 |     993 |       0 |   0.0 |      19 |       0 |   0.0
        D:7 |     488 |     264 |  35.1 |       5 |       1 |  16.7
        D:8 |    1503 |       0 |   0.0 |      25 |       0 |   0.0
        D:9 |    1206 |     258 |  17.6 |      24 |       5 |  17.2
       D:10 |    2386 |    5835 |  71.0 |      17 |      37 |  68.5
     Lair:1 |    4221 |       0 |   0.0 |      18 |       0 |   0.0
            +---------+---------+-------+---------+---------+-------
